 Dungeon Crawl Stone Soup version 0.27.1-4-g1640c2035a (webtiles) character file.

Game seed: 8595654631991310494

881 Johnny the Slasher (level 8, 0/96 HPs)
             Began as a Human Berserker on Nov 2, 2021.
             Was a Believer of Trog.
             Slain by Maggie (2 damage)
             ... on level 6 of the Dungeon.
             The game lasted 00:04:00 (5224 turns).

Johnny the Slasher (Human Berserker)                Turns: 5224, Time: 00:04:01

Health: 0/96       AC: 24    Str: 19    XL:     8   Next: 25%
Magic:  8/8        EV:  2    Int:  8    God:    Trog [**....]
Gold:   163        SH:  0    Dex: 13    Spells: 7/7 levels left

rFire    . . .     SeeInvis .   h - +1 short sword (elec)
rCold    . . .     Faith    .   (no shield)
rNeg     + + +     Spirit   .   (armour currently unavailable)
rPois    +         Reflect  .   (helmet currently unavailable)
rElec    .         Harm     .   (cloak currently unavailable)
rCorr    .         Rampage  .   (gloves currently unavailable)
Will     ++...     NoTele   +   (boots currently unavailable)
Stlth    +.........             (no amulet)
HPRegen  1.26/turn              (no ring)
MPRegen  0.11/turn              (no ring)

@: tree-form, strong-willed, attractive, mesmerised, regenerating
A: stationary, stasis, torment immunity, boosted hp
a: Renounce Religion, Berserk, Trog's Hand


You were on level 6 of the Dungeon.
You worshipped Trog.
Trog was pleased with you.
You were a tree.
You visited 2 branches of the dungeon, and saw 7 of its levels.

You collected 163 gold pieces.

Inventory:

Hand Weapons
 a - a +0 falchion
 h - a +1 short sword of electrocution (weapon)
Armour
 b - a +0 animal skin (melded)
 e - a +0 helmet (melded)
 n - a +0 pair of gloves (melded)
Scrolls
 c - a scroll of acquirement {unknown}
 d - 3 scrolls of identify {unknown}
 f - a scroll of summoning {unknown}
 i - a scroll of enchant weapon {unknown}
 l - 3 scrolls of teleportation
 o - 2 scrolls of enchant armour {unknown}
 r - a scroll of vulnerability {unknown}


   Skills:
 + Level 5.9 Fighting
 * Level 7.9 Long Blades
 - Level 2.0 Armour
 - Level 2.0 Dodging


You had 7 spell levels left.
You didn't know any spells.
Your spell library was empty.

Dungeon Overview and Level Annotations

Branches:
Dungeon (6/15)             Temple (1/1) D:4

Altars:
Elyvilon
Okawaru
Trog
Wu Jian
Xom

Annotations:
D:4 2 runed translucent doors, BinkBink's ghost, amateur DDFi
D:6 Maggie


Message History

Maggie hits you with a +1 scimitar of flaming!
* * * LOW HITPOINT WARNING * * *
Maggie burns you.
* * * LOW HITPOINT WARNING * * *
The centaur hits you but does no damage.
The centaur kicks you but does no damage.
The howler monkey hits you but does no damage.
Maggie hits you with a +1 scimitar of flaming.
* * * LOW HITPOINT WARNING * * *
Maggie burns you.
* * * LOW HITPOINT WARNING * * *
You completely miss Maggie.
Maggie is severely wounded.
The centaur hits you but does no damage.
The centaur kicks you but does no damage.
The howler monkey hits you but does no damage.
Maggie hits you with a +1 scimitar of flaming.
* * * LOW HITPOINT WARNING * * *
Maggie burns you.
* * * LOW HITPOINT WARNING * * *
The centaur barely misses you. The centaur kicks you.
* * * LOW HITPOINT WARNING * * *
You closely miss Maggie.
Maggie is severely wounded.
The howler monkey hits you but does no damage.
Maggie hits you with a +1 scimitar of flaming.
* * * LOW HITPOINT WARNING * * *
Maggie burns you.
* * * LOW HITPOINT WARNING * * *
The centaur hits you but does no damage.
The centaur kicks you but does no damage.
Unknown command.
Unknown command.
Unknown command.
You barely miss Maggie.
Maggie is severely wounded.
Maggie hits you with a +1 scimitar of flaming.
* * * LOW HITPOINT WARNING * * *
Maggie burns you.
You die...

...#..................
.........................
............#............
.........#.#.#.........?.
............#............
...........##..........##
............#...##..)...#
..........##....#h.......
.........##.....♣@.......
.................c$......
....................
.............###..
>...........## #
............#
...........# ...........#
...........


You could see Maggie (mesmerising, fast), a centaur and a howler monkey.

Vanquished Creatures
  Grinder (D:4)
  Eustachio (D:4)
  An ice beast (D:6)
  An ogre (D:4)
  A bullfrog (D:5)
  A bullfrog zombie (D:6)
  2 bullfrog skeletons
  A centaur skeleton (D:6)
  Natasha (D:3)
  Robin (D:4)
  A gnoll (D:1)
  3 adders (D:6)
  A worm (D:4)
  2 dart slugs
  2 orcs
  4 ball pythons
  5 bats
  10 endoplasms
  4 giant cockroaches
  12 goblins
  8 hobgoblins
  3 jackals (D:2)
  4 quokkas
  7 frilled lizards
  6 kobolds
  5 rats
88 creatures vanquished.

Vanquished Creatures (others)
  An orc wizard (D:5)
1 creature vanquished.

Grand Total: 89 creatures vanquished

Notes
Turn   | Place    | Note
-------+----------+-------------------------------------------
     0 | D:1      | Johnny the Human Berserker began the quest for the Orb.
     0 | D:1      | Reached XP level 1. HP: 18/18 MP: 1/1
   359 | D:1      | Reached XP level 2. HP: 16/24 MP: 2/2
   580 | D:1      | Reached XP level 3. HP: 29/29 MP: 3/3
   840 | D:1      | Reached ** piety under Trog
  1186 | D:2      | Reached skill level 4 in Long Blades
  1842 | D:2      | Reached XP level 4. HP: 32/35 MP: 4/4
  2985 | D:3      | Noticed Natasha
  2987 | D:3      | Found a faded altar of an unknown god.
  2999 | D:3      | Killed Natasha
  3000 | D:3      | Reached XP level 5. HP: 22/42 MP: 5/5
  3381 | D:3      | Found an ornate altar of the Wu Jian Council.
  3419 | D:4      | Noticed Robin
  3449 | D:4      | Noticed Eustachio
  3456 | D:4      | Reached skill level 5 in Long Blades
  3639 | D:4      | Found a large runed translucent door.
  3640 | D:4      | Found a large runed translucent door.
  3721 | D:4      | Killed Eustachio
  3722 | D:4      | Reached XP level 6. HP: 18/49 MP: 6/6
  3958 | D:4      | Reached skill level 6 in Long Blades
  3969 | D:4      | Killed Robin
  4176 | D:4      | Noticed an ogre
  4183 | D:4      | Killed an ogre
  4184 | D:4      | Reached XP level 7. HP: 55/55 MP: 7/7
  4379 | D:4      | Noticed Grinder
  4402 | D:4      | Killed Grinder
  4403 | D:4      | Reached skill level 5 in Fighting
  4403 | D:4      | Reached skill level 7 in Long Blades
  4534 | D:4      | Found a staircase to the Ecumenical Temple.
  4676 | D:4      | Noticed BinkBink's ghost (amateur DDFi)
  4708 | Temple   | Entered the Ecumenical Temple
  4735 | D:5      | Entered Level 5 of the Dungeon
  4999 | D:6      | Reached XP level 8. HP: 64/64 MP: 8/8
  5204 | D:6      | Noticed Maggie
  5223 | D:6      | HP: 4/96 [Maggie (1)]
  5224 | D:6      | Slain by Maggie

Illustrated notes

Levels and vault maps discovered:
D:1:      minmay_arrival_jagged, layout_rooms
D:2:      layout_loops_ring
D:3:      layout_loops_corners, lemuel_coloured_pillars_altar,
          dreamdust_ecumenical_altar_statues, uniq_natasha
D:4:      layout_loops_ring, minmay_temple_entry_statues_pillars,
          ebering_ghost_disaster_area, uniq_eustachio, uniq_robin, uniq_grinder
D:5:      layout_basic, uniq_duvessa
D:6:      layout_layer_cave, lemuel_round_altar, nrook_mini_vaults, uniq_maggie
Temple:   compressed_dpeg_circular_temple

Skill      XL: |  1  2  3  4  5  6  7 |
---------------+----------------------+-----
Long Blades    | 4 5 6 7 |  7.9
Fighting       | 4 5 |  5.9
Armour         | |  2.0
Dodging        | |  2.0

Action                   |  1- 3 |  4- 6 |  7- 9 || total
-------------------------+-------+-------+-------++-------
Melee: Falchion          |    76 |   155 |       ||   231
       Short sword       |       |     6 |    82 ||    88
Invok: Trog's Hand       |       |     2 |     4 ||     6
       Berserk           |       |     2 |     3 ||     5
  Use: Potion            |       |     8 |     3 ||    11
       Scroll            |       |       |     1 ||     1
 Stab: Sleeping          |     1 |     2 |     1 ||     4
       Invisible         |       |     3 |       ||     3
Armor: Animal skin       |     7 |    23 |    10 ||    40
       Skin              |       |    44 |    54 ||    98
Dodge: Dodged            |    56 |    82 |    39 ||   177
       Rpst.: Falchion   |    22 |    23 |       ||    45
